 Dungeon Crawl Stone Soup version 0.18.1-50-g88ac8fd (webtiles) character file.

82 go0n the Slasher (level 4, -1/37 HPs)
             Began as a Demonspawn Berserker on Sept 22, 2016.
             Was a Believer of Trog.
             Succumbed to an orc wizard's poison
             ... on level 3 of the Dungeon.
             The game lasted 00:06:58 (1677 turns).

go0n the Slasher (Demonspawn Berserker)             Turns: 1677, Time: 00:06:59

Health: -1/37      AC:  5    Str: 18    XL:     4   Next: 21%
Magic:  4/4        EV: 12    Int:  9    God:    Trog [**....]
Gold:   108        SH:  4    Dex: 12    Spells: 0 memorised, 3 levels left

rFire  x . .     SeeInvis .     n - +2 dagger (speed)
rCold  + . .     Gourm    .     p - +0 leather armour
rNeg   . . .     Faith    .     (no shield)
rPois  .         Spirit   .     (no helmet)
rElec  .         Dismiss  .     (no cloak)
rCorr  .         Reflect  +     (no gloves)
SustAt .         Harm     .     (no boots)
MR     .....                    h - +2 amulet of reflection
Stlth  ..........               t - ring of ice
                                l - ring of loudness

@: lethally poisoned (-1 -> -18), not resistant to hostile enchantments,
extremely unstealthy
A: large bone plates 1
a: Berserk, Trog's Hand, Burn Spellbooks, Renounce Religion


You were on level 3 of the Dungeon.
You worshipped Trog.
Trog was pleased with you.
You were not hungry.

You visited 1 branch of the dungeon, and saw 3 of its levels.

You collected 108 gold pieces.

Inventory:

Hand Weapons
 a - a +0 falchion
 n - a +2 dagger of speed (weapon)
 u - a +0 whip of pain
Missiles
 m - 2 throwing nets (quivered)
Armour
 b - a +0 animal skin
 e - a cursed +0 robe
 p - a +0 leather armour (worn)
Magical Staves
 q - an uncursed staff of air {unknown}
Jewellery
 d - an uncursed amulet of guardian spirit
 h - a +2 amulet of reflection (around neck)
 l - a ring of loudness (left hand)
 t - a ring of ice (right hand)
Scrolls
 g - a scroll of teleportation
Potions
 f - a potion of flight
 k - 2 potions of brilliance
Comestibles
 c - 3 bread rations
 i - 3 fruits
 j - 2 meat rations
 o - a royal jelly
 r - a slice of pizza
 v - a chunk of flesh


   Skills:
 + Level 3.7 Fighting
 * Level 3.9 Long Blades
 - Level 1.7 Armour
 + Level 2.1 Dodging


You had 3 spell levels left.
You didn't know any spells.

Dungeon Overview and Level Annotations

Branches:
Dungeon (3/15)

Altars:
Ashenzari
Okawaru
Pakellas
Ru
Sif Muna
Trog
Yredelemnul


Innate Abilities, Weirdness & Mutations

You are partially covered in large bone plates (AC +2, SH +2).


Message History

You feel sick.
You closely miss the orc wizard.
The orc wizard is severely wounded.
* * * LOW HITPOINT WARNING * * *
You feel sick. The orc wizard closely misses you.
Drink which item? (? for menu, Esc to quit)
Okay, then.
Read which item? (? for menu, Esc to quit)
As you read the scroll labeled BYLAR HAOTA, it crumbles to dust.
You assume a fearsome visage.
The orc wizard looks frightened!
It was a scroll of fear.
* * * LOW HITPOINT WARNING * * *
You feel sick.
The orc wizard casts a spell.
The orc wizard flickers and vanishes!
Deactivating autopickup; reactivate with Ctrl-A.
A rat comes into view.
* * * LOW HITPOINT WARNING * * *
You feel sick.
You die...

#.##.##.......#### $#
..##.###.........##.#.#
..#..###......##....#.#
..............##......#
....####.......#......#
....####..............##
.......................#
....###########........#
##### .r.....#@...?... #
.......#......#. ##
.......#......# (.
.......##.###..# ##
....... .# .# .. .......
.# # .. .....(. .# #. ##
#


There were no monsters in sight!

Vanquished Creatures
  2 adders
  An ooze (D:2)
  5 worms
  A dart slug (D:1)
  A ball python (D:1)
  2 hobgoblins
  4 jackals (D:3)
  6 kobolds
  A quokka (D:2)
  7 bats
  4 giant newts
  8 goblins
  4 rats
46 creatures vanquished.

Notes
Turn   | Place    | Note
--------------------------------------------------------------
     0 | D:1      | go0n the Demonspawn Berserker began the quest for the Orb.
     0 | D:1      | Reached XP level 1. HP: 18/18 MP: 1/1
   188 | D:1      | Gained mutation: You are partially covered in large bone plates (AC +2, SH +2). [demonic ancestry]
   188 | D:1      | Reached XP level 2. HP: 21/24 MP: 2/2
   648 | D:2      | Reached XP level 3. HP: 26/29 MP: 3/3
   654 | D:2      | Reached ** piety under Trog
   903 | D:2      | Found an oddly glowing altar of Pakellas.
  1192 | D:2      | Found a sacrificial altar of Ru.
  1433 | D:3      | Found a deep blue altar of Sif Muna.
  1434 | D:3      | Found a bloodstained altar of Trog.
  1483 | D:3      | Found an iron altar of Okawaru.
  1485 | D:3      | Found a basalt altar of Yredelemnul.
  1486 | D:3      | Found a shattered altar of Ashenzari.
  1598 | D:3      | Reached XP level 4. HP: 33/36 MP: 4/4
  1676 | D:3      | HP: 1/37 [poisoned by an orc wizard]
  1677 | D:3      | Succumbed to an orc wizard's poison

Skill      XL: |  1  2  3 |
---------------+----------+-----
Long Blades    | 3 |  3.9
Dodging        | 2 |  2.1
Fighting       | |  3.7
Armour         | |  1.7

Action                   |  1- 3 |  4- 6 || total
-------------------------+-------+-------++-------
Melee: Falchion          |    36 |       ||    36
       Dagger            |   141 |    34 ||   175
  Use: Scroll            |     5 |     1 ||     6
       Potion            |     1 |       ||     1
  Eat: Fruit             |     2 |       ||     2
       Chunk             |       |     1 ||     1
Armor: Animal skin       |    13 |       ||    13
       Leather armour    |    34 |    12 ||    46
Dodge: Dodged            |   111 |    16 ||   127
Block: Other             |    34 |     7 ||    41
       Reflection        |     1 |       ||     1
